 Dungeon Crawl Stone Soup version 0.23.2-40-g277498a001 (webtiles) character file.

Game seed: 2871398186125558199

3604 Exodus22XD the Destroyer (level 9, 0/45 HPs)
             Began as a Deep Elf Wizard on Sept 4, 2019.
             Was an Elder of Sif Muna.
             Succumbed to a spiny frog's poison
             ... on level 1 of the Lair of Beasts.
             The game lasted 00:49:42 (9724 turns).

Exodus22XD the Destroyer (Deep Elf Wizard)          Turns: 9724, Time: 00:49:43

Health: 0/45       AC: 10    Str:  4    XL:     9   Next: 86%
Magic:  7/23       EV: 11    Int: 27    God:    Sif Muna [****..]
Gold:   492        SH:  0    Dex: 13    Spells: 13/24 levels left

rFire    . . .     SeeInvis .   d - +3 dagger
rCold    . . .     Gourm    .   (no shield)
rNeg     . . .     Faith    +   C - +2 leather armour of Ocanais {Stlth+}
rPois    .         Spirit   .   b - +1 hat
rElec    .         Reflect  .   v - +0 cloak
rCorr    .         Harm     .   t - +2 pair of gloves
MR       .....                  (no boots)
Stlth    +++.......             n - amulet of faith
HPRegen  0.15/turn              (no ring)
MPRegen  0.18/turn              (no ring)

@: lethally poisoned (0 -> -9), very slightly contaminated
A: no striking features
a: Divine Energy, Channel Magic, Forget Spell, Renounce Religion


You were on level 1 of the Lair of Beasts.
You worshipped Sif Muna.
Sif Muna was greatly pleased with you.
You were not hungry.

You visited 3 branches of the dungeon, and saw 10 of its levels.

You collected 492 gold pieces.

Inventory:

Hand Weapons
 d - a +3 dagger (weapon)
Armour
 a - a +0 robe
 b - a +1 hat (worn)
 t - a +2 pair of gloves (worn)
 v - a +0 cloak (worn)
 C - the +2 leather armour of Ocanais (worn) {Stlth+}
   (You found it on level 8 of the Dungeon)

   It makes you more stealthy.
Jewellery
 n - an amulet of faith (around neck)
 B - an uncursed amulet of harm {unknown}
Wands
 f - a wand of polymorph (7)
 x - a wand of random effects (8)
Scrolls
 e - a scroll of amnesia
 i - a scroll of immolation {unknown}
 l - a scroll of blinking {unknown}
 m - 5 scrolls of remove curse
 y - a scroll of fog {unknown}
 z - a scroll of teleportation {unknown}
Potions
 c - 2 potions of lignification
 g - a potion of brilliance {unknown}
 j - a potion of resistance
 o - a potion of haste {unknown}
 p - a potion of mutation {unknown}
 q - a potion of ambrosia {unknown}
 r - a potion of magic {unknown}
 u - a potion of invisibility {unknown}
 w - a potion of degeneration {unknown}
 D - a potion of curing
Comestibles
 k - 14 rations


   Skills:
 - Level 2.4 Dodging
 - Level 2.4 Stealth
 - Level 8.2 Spellcasting
 - Level 10.2 Conjurations
 - Level 4.8 Summonings
 - Level 1.1 Translocations
 * Level 8.9 Fire Magic
 - Level 0.3 Poison Magic


You had 13 spell levels left.
You knew the following spells:

 Your Spells              Type           Power        Failure   Level  Hunger
a - Magic Dart            Conj           ####         1%          1    None
b - Call Imp              Summ           #####...     1%          2    None
c - Blink                 Tloc           N/A          9%          2    None
d - Conjure Flame         Conj/Fire      ######..     1%          3    None
e - Mephitic Cloud        Conj/Pois/Air  ####....     7%          3    None

Your spell library contained the following spells:

 Spells                   Type           Power        Failure   Level  Hunger
 Confusing Touch          Hex            ##....       10%         1    None
 Slow                     Hex            ##......     14%         2    None
 Gell's Gravitas          Tloc           ###.......   19%         3    None
 Confuse                  Hex            ##......     28%         3    None
 Petrify                  Tmut/Erth      ##......     67%         4    ##.....
 Metabolic Englaciation   Hex/Ice        ##........   95%         5    ####...
 Yara's Violent Unravell  Hex/Tmut       ##........   95%         5    ####...


Dungeon Overview and Level Annotations

Branches:
Dungeon (8/15)             Temple (1/1) D:5            Lair (1/6) D:8

Altars:
Ashenzari
Dithmenos
Hepliaklqana
Kikubaaqudgha
Okawaru
Qazlal
Sif Muna
Trog
Vehumet
Xom
Zin

Annotations:
D:7 Joseph


Message History

Confirm with . or Enter, or press ? or * to list all spells.
You blink.
Casting: Blink (safe; 9% risk of failure)
Confirm with . or Enter, or press ? or * to list all spells.
You miscast Blink.
Sif Muna protects you from the effects of your miscast!
The water moccasin bites you but does no damage.
The spiny frog stings you!!
* * * LOW HITPOINT WARNING * * *
You are lethally poisoned!
The spiny frog poisons you!
Casting: Blink (safe; 9% risk of failure)
Confirm with . or Enter, or press ? or * to list all spells.
You blink.
* * * LOW HITPOINT WARNING * * *
You feel sick.
Casting: Blink (safe; 9% risk of failure)
Confirm with . or Enter, or press ? or * to list all spells.
You blink.
You die...

.........#....#
##.#.........#..
#.+....#....#.. #
# #....#.....##..
. #.§F...........
...###.##.........
+#.....S..........
.......§..........
..........@.......
#############%####
##


You could see a water moccasin.

Vanquished Creatures
  Pikel (D:5)
  Grinder (D:5)
  Menkaure (D:7)
  A water moccasin (D:6)
  Duvessa (D:5)
  An orc warrior (D:6)
  An ice beast (D:7)
  A sky beast (D:8)
  2 black bears
  A necrophage (D:7)
  3 ogres
  3 wolves (D:8)
  A crocodile (Lair:1)
  Blork the orc (D:4)
  5 bullfrogs
  A wyvern skeleton (D:8)
  2 scorpions
  Dowan (D:5)
  4 electric eels (D:8)
  A crimson imp (D:5)
  3 hounds (D:8)
  A bullfrog skeleton (D:7)
  2 iguanas
  An orc wizard (D:6)
  A worker ant (D:8)
  3 killer bee zombies
  A hound zombie (D:5)
  A howler monkey zombie (D:7)
  A worker ant zombie (D:8)
  7 gnolls (D:4)
  8 adders
  2 river rats (D:6)
  An adder zombie (D:8)
  3 worms (D:2)
  4 dart slugs
  7 leopard geckos
  10 orcs
  9 giant cockroaches
  5 goblins
  A hobgoblin (D:2)
  11 jackals
  3 quokkas
  3 bats
  6 frilled lizards
  11 kobolds
  14 rats
152 creatures vanquished.

Vanquished Creatures (collateral kills)
  A phantom (D:7)
  A bullfrog (D:7)
  2 crimson imps
  A hound (D:8)
  An orc wizard (D:7)
  An adder (D:7)
  An orc (D:7)
  A giant cockroach (D:7)
9 creatures vanquished.

Grand Total: 161 creatures vanquished

Notes
Turn   | Place    | Note
-------+----------+-------------------------------------------
     0 | D:1      | Exodus22XD the Deep Elf Wizard began the quest for the Orb.
     0 | D:1      | Reached XP level 1. HP: 10/10 MP: 7/7
   197 | D:1      | Reached skill level 2 in Conjurations
   245 | D:1      | Reached XP level 2. HP: 13/15 MP: 0/9
  1068 | D:2      | Reached skill level 3 in Conjurations
  1068 | D:2      | Reached XP level 3. HP: 19/19 MP: 5/10
  1289 | D:2      | Reached skill level 4 in Conjurations
  1539 | D:2      | Reached XP level 4. HP: 24/24 MP: 6/12
  1844 | D:3      | Found a radiant altar of Vehumet.
  2049 | D:3      | Learned a level 2 spell: Call Imp
  2052 | D:3      | Learned a level 2 spell: Blink
  2056 | D:3      | Learned a level 3 spell: Conjure Flame
  2060 | D:3      | Learned a level 3 spell: Mephitic Cloud
  2241 | D:3      | Reached skill level 1 in Fire Magic
  2621 | D:4      | Reached XP level 5. HP: 28/28 MP: 3/13
  3169 | D:4      | Noticed Blork the orc
  3174 | D:4      | Killed Blork the orc
  3174 | D:4      | Reached XP level 6. HP: 32/32 MP: 4/14
  3634 | D:5      | Entered Level 5 of the Dungeon
  3660 | D:5      | Reached skill level 5 in Conjurations
  3934 | D:5      | Noticed Grinder
  3948 | D:5      | Paralysed by Grinder for 7 turns
  3966 | D:5      | Killed Grinder
  3966 | D:5      | Reached XP level 7. HP: 36/36 MP: 6/15
  4028 | D:5      | Noticed Duvessa
  4029 | D:5      | Noticed Dowan
  4421 | D:5      | Noticed Pikel
  4601 | D:5      | Found a staircase to the Ecumenical Temple.
  4620 | Temple   | Entered the Ecumenical Temple
  4666 | Temple   | Became a worshipper of Sif Muna the Loreminder
  4718 | D:5      | Found a stormy altar of Qazlal.
  4720 | D:5      | Noticed an air elemental
  4720 | D:5      | Noticed a water elemental
  4721 | D:5      | Noticed a fire elemental
  4744 | D:5      | Killed Dowan
  4749 | D:5      | Killed Duvessa
  4749 | D:5      | Reached skill level 6 in Conjurations
  5049 | D:5      | Killed Pikel
  5049 | D:5      | Reached * piety under Sif Muna
  5049 | D:5      | Reached skill level 8 in Conjurations
  5049 | D:5      | Reached XP level 8. HP: 41/41 MP: 3/16
  5274 | D:6      | Reached skill level 5 in Spellcasting
  6417 | D:6      | Reached ** piety under Sif Muna
  6975 | D:7      | Noticed Joseph
  7115 | D:7      | Reached skill level 9 in Conjurations
  7314 | D:8      | Reached XP level 9. HP: 23/45 MP: 6/23
  7512 | D:7      | Noticed Menkaure
  7526 | D:7      | Killed Menkaure
  7690 | D:7      | Reached skill level 10 in Conjurations
  7720 | D:7      | Reached *** piety under Sif Muna
  7805 | D:7      | Reached skill level 5 in Fire Magic
  8995 | D:8      | Got a dazzling leather armour
  9006 | D:8      | Identified the +2 leather armour of Ocanais {Stlth+} (You
                  | found it on level 8 of the Dungeon)
  9115 | D:8      | Reached **** piety under Sif Muna
  9321 | D:8      | Found a staircase to the Lair.
  9529 | Lair:1   | Entered Level 1 of the Lair of Beasts
  9538 | Lair:1   | Noticed a spiny frog
  9715 | Lair:1   | HP: 2/45 [water moccasin (3)]
  9723 | Lair:1   | HP: 1/45 [poisoned by a spiny frog]
  9724 | Lair:1   | Succumbed to a spiny frog's poison

Skill      XL: |  1  2  3  4  5  6  7  8  9 |
---------------+----------------------------+-----
Conjurations   | 2 3 4 5 8 9 10 | 10.2
Fire Magic     | 2 4 8 |  8.9
Summonings     | 4 |  4.8
Spellcasting   | 8 |  8.2
Dodging        | |  2.4
Stealth        | |  2.4
Translocations | |  1.1
Poison Magic   | |  0.3

Action                   |  1- 3 |  4- 6 |  7- 9 || total
-------------------------+-------+-------+-------++-------
Melee: Dagger            |     9 |     6 |    13 ||    28
 Cast: Magic Dart        |    86 |   122 |   372 ||   580
       Conjure Flame     |       |     5 |    34 ||    39
       Mephitic Cloud    |       |     2 |    13 ||    15
       Call Imp          |       |     3 |     6 ||     9
       Blink             |       |       |     5 ||     5
  Use: Scroll            |       |     8 |     6 ||    14
       Potion            |       |       |     4 ||     4
  Eat: Chunk             |     2 |     7 |     5 ||    14
       Ration            |       |       |     4 ||     4
Armor: Robe              |     6 |     2 |    31 ||    39
       Leather armour    |       |       |     2 ||     2
Dodge: Dodged            |    26 |     7 |    72 ||   105
